 Dungeon Crawl Stone Soup version 0.31-a0-1237-gabc64e778c (webtiles) character file.

Game seed: 700487792823989467

4787 LeprechaunX the Mimic (level 10, -2/71 HPs)
             Began as an Octopode Shapeshifter on Dec 15, 2023.
             Was a Follower of Ashenzari.
             Slain by a wyvern (11 damage)
             ... on level 9 of the Dungeon.
             The game lasted 00:14:18 (8497 turns).

LeprechaunX the Mimic (Octopode Shapeshifter)       Turns: 8497, Time: 00:14:20

Health: -2/71      AC:  5    Str: 15    XL:     10   Next: 47%
Magic:  10/10      EV: 18    Int: 13    God:    Ashenzari [*.....]
Gold:   436        SH:  0    Dex: 14    Spells: 9/9 levels left

rFire   . . .        b - +2 short sword (vamp)
rCold   . . .        (no shield)
rNeg    . . .        (helmet currently unavailable)
rPois   .            (no amulet)
rElec   .            F - ring of Ashenzari's Loss {AC+4, Dev, Cun} (curse)
rCorr   .            D - ring "At What Cost Knowledge?" {EV+5, Bglg, Melee} (curse)
SInv    .            (no ring)
Will    .....        (no ring)
Stlth   ++           (no ring)
HPRegen 0.31/turn    (no ring)
MPRegen 0.12/turn    (no ring)
                     (no ring)

%: no passive effects
@: beast-form, studying Fighting
A: beast (slay +4), almost no armour, amphibious, 8 rings, camouflage 1,
gelatinous body 1, (nimble swimmer 1), tentacles
a: Begin Untransformation, Renounce Religion, Shatter the Chains


You were on level 9 of the Dungeon.
You worshipped Ashenzari.
Ashenzari was aware of your devotion.
You were a hulking beast.
You visited 2 branches of the dungeon, and saw 10 of its levels.

You collected 436 gold pieces.

Inventory:

Hand Weapons
 a - a +0 sling
 b - a +2 vampiric short sword (weapon)
Missiles
 j - 5 atropa-tipped darts
 B - 2 curare-tipped darts (quivered)
 M - a throwing net
Jewellery
 k - an amulet of the acrobat
 D - the cursed ring "At What Cost Knowledge?" (right tentacle) {EV+5, Bglg, Melee}
   (You took it off a goblin on level 4 of the Dungeon)

   [ring of evasion]

   EV+5:      It affects your evasion (+5).
   It has a curse which improves the following skills: Beguiling: Conjurations,
   Hexes and Translocations.
   Melee Combat: Short Blades, Long Blades, Axes, Maces & Flails, Polearms,
   Staves and Unarmed Combat.
 F - the cursed ring of Ashenzari's Loss (left tentacle) {AC+4, Dev, Cun}
   (You found it on level 5 of the Dungeon)

   [ring of protection]

   AC+4:      It affects your AC (+4).
   It has a curse which improves the following skills: Devices: Evocations and
   Shapeshifting.
   Cunning:   Dodging and Stealth.
 N - a ring of ice
 O - a ring of fire
Talismans
 c - a flux talisman
 q - a dragon-blood talisman
 t - a beast talisman
Wands
 s - a wand of roots (10)
 I - a wand of paralysis (7)
 L - a wand of mindburst (17)
Scrolls
 g - 3 scrolls of amnesia
 h - 3 scrolls of vulnerability
 i - 3 scrolls of teleportation
 l - a scroll of brand weapon
 n - 3 scrolls of poison
 p - a scroll of enchant armour
 r - a scroll of immolation
 w - 3 scrolls of fear
 x - a scroll of summoning
 y - 9 scrolls of identify
 z - a scroll of enchant weapon
 G - 4 scrolls of noise
 J - a scroll of fog
Potions
 d - 3 potions of attraction
 e - 3 potions of degeneration
 f - 6 potions of heal wounds
 m - 4 potions of lignification
 o - 5 potions of curing
 u - a potion of brilliance
 v - 2 potions of magic
 A - a potion of cancellation
 C - 3 potions of haste
 E - 5 potions of resistance
 H - 3 potions of mutation
 K - a potion of enlightenment


   Skills:
 + Level 7.1 Fighting
 - Level 3.0 Throwing
 - Level 2.0(2.6) Dodging
 + Level 7.6(8.4) Unarmed Combat
 + Level 4.9(5.6) Evocations
 * Level 9.6(10.4) Shapeshifting


You had 9 spell levels left.
You didn't know any spells.
Your spell library contained the following spells:

 Spells                   Type           Power      Damage    Failure   Level
 Shock                    Conj/Air       0%         1d3       30%         1
 Blink                    Tloc           0%         N/A       43%         2
 Cigotuvi's Dreadful Rot  Necr/Pois/Air  0%         N/A       43%         2
 Gell's Gravitas          Tloc           0%         N/A       67%         3
 Swiftness                Air            0%         N/A       67%         3
 Teleport Other           Tloc           0%         N/A       67%         3
 Vampiric Draining        Necr           0%         2d6       67%         3
 Airstrike                Air            0%         2d(0-16)  97%         4
 Manifold Assault         Tloc           0%         N/A       97%         4
 Agony                    Necr           0%         N/A       100%        5
 Borgnjor's Vile Clutch   Necr/Erth      0%         N/A       100%        5
 Dispersal                Tloc           0%         N/A       100%        6
 Haunt                    Necr/Summ      0%         N/A       100%        7
 Borgnjor's Revivificati  Necr           0%         N/A       100%        8
 Death's Door             Necr           0%         N/A       100%        9


Dungeon Overview and Level Annotations

Branches:
Dungeon (9/15)             Temple (1/1) D:6
   Lair: D:8-11         Orc: D:9-12

Altars:
Ashenzari
Cheibriados
Dithmenos
Elyvilon
Fedhas
Gozag
Hepliaklqana
Kikubaaqudgha
Makhleb
Nemelex Xobeh
Okawaru
Qazlal
Ru
Sif Muna
Trog
Uskayaw
Vehumet
Wu Jian
Xom
Yredelemnul
Zin
The Shining One

Shops:
D:1 ?   D:7 *   D:8 (


Innate Abilities, Weirdness & Mutations

You are a hulking beast.
Your limbs bulge with bestial killing power. (Slay +4)
You cannot wear most types of armour.
You are amphibious.
You can wear up to eight rings at the same time.
Your skin changes colour to match your surroundings (Stealth+).
Your rubbery body absorbs attacks. (AC +1, EV +1)
((You are camouflaged when in or above water. (Stealth+)))
You have tentacles for arms and can constrict up to eight enemies at once.


Message History

The wyvern is lightly wounded.
The wyvern barely misses you.
You hit the wyvern.
You feel better.
The wyvern is moderately wounded.
The wyvern closely misses you. x2; The wyvern bites you.
You closely miss the wyvern.
The wyvern is moderately wounded.
The wyvern closely misses you. The wyvern completely misses you.
You barely miss the wyvern.
The wyvern is moderately wounded.
The wyvern bites you! x2; The wyvern misses you.
The wyvern completely misses you.
You hit the wyvern but do no damage.
The wyvern is moderately wounded.
The wyvern bites you but does no damage.
The wyvern barely misses you.
Unknown command.
The wyvern bites you!
You completely miss the wyvern. The wyvern barely misses you.
The wyvern misses you. The wyvern barely misses you.
You hit the wyvern but do no damage.
The wyvern is lightly wounded.
The wyvern misses you. x2
You puncture the wyvern!
You feel better.
You tentacle-slap the wyvern, but do no damage.
The wyvern is heavily wounded.
The wyvern barely misses you. x2; The wyvern closely misses you.
The wyvern bites you!
You hit the wyvern.
You feel better.
The wyvern is severely wounded.
The wyvern misses you. The wyvern bites you!
* * * LOW HITPOINT WARNING * * *
You hit the wyvern.
The wyvern is severely wounded.
The wyvern bites you.
* * * LOW HITPOINT WARNING * * *
The wyvern bites you.
* * * LOW HITPOINT WARNING * * *
The wyvern completely misses you. The wyvern bites you!
You die...

#..#.##
........
#....##
........
#.....#
........
#.....#
........
#....##
........
#..###
######.
#....#
#.
#...###
#.
#...kh#
#.
#..#k##
#.
#.####
## ...
....
......
.....
....


You could see 2 wyverns.

Vanquished Creatures
  Joseph (D:8)
  Jeremiah (D:6)
  4 yaks (D:8)
  2 steam dragons (D:8)
  4 water moccasins
  An ice beast (D:5)
  2 ogres
  4 sky beasts
  2 centaurs (D:9)
  2 kobold brigands
  5 bullfrogs
  A gnoll sergeant (D:8)
  3 scorpions
  9 wights
  3 howler monkeys
  2 jellies
  3 hounds
  3 gnoll boudas
  6 iguanas
  4 orc wizards
  Natasha (twice) (D:2)
  Robin (D:2)
  4 adders
  17 gnolls
  A shadow imp (D:6)
  4 ufetubi
  2 worms (D:2)
  3 dart slugs
  16 orcs
  8 endoplasms
  4 giant cockroaches
  17 goblins
  10 hobgoblins
  5 quokkas
  4 ball pythons
  8 bats
  2 frilled lizards
  15 kobolds
  8 rats
193 creatures vanquished.

Notes
Turn   | Place    | Note
-------+----------+-------------------------------------------
     0 | D:1      | LeprechaunX the Octopode Shapeshifter began the quest for
                  | the Orb.
     0 | D:1      | Reached XP level 1. HP: 13/13 MP: 1/1
   138 | D:1      | Reached XP level 2. HP: 15/18 MP: 2/2
   405 | D:1      | Reached XP level 3. HP: 23/23 MP: 3/3
   432 | D:1      | Found Caynnep's Magic Scroll Shop.
   736 | D:2      | Noticed Robin
   799 | D:2      | Noticed Natasha
   806 | D:2      | Killed Natasha
   807 | D:2      | Reached XP level 4. HP: 18/29 MP: 4/4
   891 | D:2      | Noticed Natasha
   975 | D:2      | Killed Natasha
   976 | D:2      | Reached skill level 1 in Throwing
   976 | D:2      | Reached skill level 4 in Shapeshifting
  1225 | D:2      | Killed Robin
  1226 | D:2      | Reached XP level 5. HP: 20/34 MP: 5/5
  2498 | D:3      | Found a basalt altar of Yredelemnul.
  2500 | D:3      | Noticed a profane servitor
  2508 | D:3      | Found a glowing golden altar of the Shining One.
  2510 | D:3      | Noticed an angel
  2844 | D:4      | Noticed a kobold brigand
  2851 | D:4      | Killed a kobold brigand
  2852 | D:4      | Reached XP level 6. HP: 22/41 MP: 6/6
  3292 | D:4      | Found a snail-covered altar of Cheibriados.
  3627 | D:4      | Reached skill level 5 in Shapeshifting
  3761 | D:5      | Entered Level 5 of the Dungeon
  3895 | D:5      | Reached XP level 7. HP: 44/46 MP: 7/7
  4463 | D:5      | Reached skill level 5 in Unarmed Combat
  4463 | D:5      | Reached skill level 6 in Shapeshifting
  4463 | D:5      | Reached XP level 8. HP: 54/54 MP: 8/8
  4841 | D:6      | Found a staircase to the Ecumenical Temple.
  4894 | Temple   | Entered the Ecumenical Temple
  4912 | Temple   | Became a worshipper of Ashenzari the Shackled
  5043 | D:6      | Noticed Jeremiah
  5093 | D:6      | Killed Jeremiah
  5094 | D:6      | Reached skill level 7 in Shapeshifting
  5293 | D:6      | Reached skill level 5 in Fighting
  5463 | D:6      | Reached XP level 9. HP: 50/61 MP: 9/9
  5540 | D:6      | Reached skill level 1 in Evocations
  6090 | D:7      | Reached skill level 8 in Shapeshifting
  6543 | D:7      | Found Xali Ume's CLEARANCE SALE!.
  6740 | D:8      | Reached XP level 10. HP: 16/69 MP: 10/10
  6938 | D:8      | Reached skill level 9 in Shapeshifting
  7107 | D:8      | Found a stormy altar of Qazlal.
  7107 | D:8      | Found a white marble altar of Elyvilon.
  7108 | D:8      | Found an ancient bone altar of Kikubaaqudgha.
  7121 | D:8      | Found Xiemei's Hydra Hut.
  7124 | D:8      | Noticed a six-headed hydra
  7132 | D:8      | Got Kikubaaqudgha's Catalogue of Despicable Rituals
  7717 | D:8      | Noticed Joseph
  7743 | D:8      | Killed Joseph
  8391 | D:9      | Reached * piety under Ashenzari
  8391 | D:9      | Identified a scroll of acquirement
  8392 | D:9      | Acquired a manual of Fighting
  8497 | D:9      | Slain by a wyvern

Illustrated notes

Levels and vault maps discovered:
D:1:      minmay_arrival_semitransparent, layout_loops_ring, serial_shops, shop
D:2:      layout_loops_cross, st_stairs_5, uniq_robin, uniq_natasha
D:3:      layout_loops_corners, grunt_temple_overflow_holy_war, serial_glass,
          glass_columns_b, glass_columns_a
D:4:      layout_basic, overflow_temple_1_default
D:5:      layout_basic, kennysheep_generic_room_2
D:6:      layout_gridville, minmay_temple_entry_poolview, uniq_jeremiah
D:7:      layout_basic, minmay_misc_feat_pillars, nicolae_shop_clearance
D:8:      layout_basic, chequers_temple_overflow_statue_of_worship,
          doesnt_shop_hydraphobe, uniq_joseph
D:9:      layout_basic, minmay_misc_feat_rugged
Temple:   compressed_dpeg_triangle_lava_temple

Skill      XL: |  1  2  3  4  5  6  7  8  9 10 |
---------------+-------------------------------+-----
Fighting       | 2 3 4 5 6 7 |  7.1
Throwing       | 1 2 3 |  3.0
Shapeshifting  | 4 5 6 7 8 9 |  9.6
Unarmed Combat | 4 5 6 7 |  7.6
Evocations     | 3 4 |  4.9
Dodging        | |  2.0

Action                     |  1- 3 |  4- 6 |  7- 9 | 10-12 || total
---------------------------+-------+-------+-------+-------++-------
  Melee: Unarmed           |    57 |    55 |       |       ||   112
         Constrict         |    12 |    41 |    39 |    21 ||   113
         Tentacles         |     7 |    35 |    69 |    34 ||   145
         Punch             |     3 |     4 |     8 |    11 ||    26
         Short sword       |       |    79 |   236 |   107 ||   422
  Throw: Dart              |       |       |     7 |       ||     7
         Throwing net      |       |       |     2 |       ||     2
 Invoke: Curse Item        |       |       |     1 |     1 ||     2
    Use: Scroll            |       |       |       |     1 ||     1
   Stab: Sleeping          |    10 |    10 |     8 |     2 ||    30
 Armour: Skin              |    23 |    58 |    93 |    64 ||   238
  Dodge: Dodged            |    26 |    68 |   171 |   116 ||   381

Table legend: (Time is in decaauts)
 A = Elapsed time spent in this place.
 B = Non-inter-level travel time spent in this place.
 C = Inter-level travel time spent in this place.
 D = Time resting spent in this place.
 E = Time spent auto-exploring this place.
 F = Levels seen in this place.
 G = Mean time per level.
                   A        B        C        D        E       F      G
               +--------+--------+--------+--------+--------+-----+--------+
         Total |   8489 |   8162 |    327 |    367 |   6435 |  10 |  848.9 |
       Dungeon |   8453 |   8160 |    293 |    367 |   6435 |   9 |  939.2 |
        Temple |     36 |      2 |     34 |      0 |      0 |   1 |   36.0 |
               +--------+--------+--------+--------+--------+-----+--------+

Top non-repeatable levels by time:
     D:8: 1679 daAuts
     D:6: 1128 daAuts
     D:4: 1051 daAuts
     D:5: 1030 daAuts
     D:3: 1001 daAuts
     D:2: 939 daAuts
     D:1: 764 daAuts
     D:7: 703 daAuts
     D:9: 153 daAuts
  Temple: 36 daAuts
